 Dungeon Crawl Stone Soup version 0.27.1-1-g398f81649c (webtiles) character file.

Game seed: 6560778834649287345

61033 nxtlvl the Brawler (level 14, -5/127 HPs)
             Began as a Minotaur Transmuter on Sept 18, 2021.
             Was the Champion of Cheibriados.
             Slain by a harpy (11 damage)
             ... on level 3 of the Shoals on Sept 19, 2021.
             The game lasted 01:43:24 (8211 turns).

nxtlvl the Brawler (Minotaur Transmuter)            Turns: 8211, Time: 01:43:24

Health: -5/127     AC: 10    Str: 40    XL:     14   Next: 59%
Magic:  17/17      EV: 22    Int: 25    God:    Cheibriados [******]
Gold:   121        SH:  0    Dex: 27    Spells: 7/15 levels left

rFire    . . .     SeeInvis .     - Unarmed
rCold    . . .     Faith    .   (no shield)
rNeg     . . .     Spirit   .   c - +2 troll leather armour
rPois    .         Reflect  .   e - +2 hat
rElec    .         Harm     .   d - +0 cloak {Stlth+}
rCorr    .         Rampage  .   a - +0 pair of gloves
Will     +....                  (no boots)
Stlth    ++........             x - amulet of magic regeneration
HPRegen  1.31/turn              r - +6 ring of strength
MPRegen  0.40/turn              (no ring)

@: wereblooded, studying 2 skills, very slow
A: horns 2, retaliatory headbutt
a: Renounce Religion, Bend Time, Temporal Distortion, Slouch, Step From Time


You were on level 3 of the Shoals.
You worshipped Cheibriados.
Cheibriados was exalted by your worship.
You visited 5 branches of the dungeon, and saw 22 of its levels.
You also visited: Ossuary.

You collected 1507 gold pieces.
You spent 1386 gold pieces at shops.

Inventory:

Hand Weapons
 b - a +2 arbalest of flaming
Missiles
 i - 245 arrows
 v - 2 atropa-tipped darts
 G - 54 bolts
 H - 13 curare-tipped darts (quivered)
 U - 6 boomerangs of dispersal
 X - a throwing net
Armour
 a - a +0 pair of gloves (worn)
 c - a +2 troll leather armour (worn)
 d - a +0 cloak of stealth (worn)
 e - a +2 hat (worn)
 C - a +1 robe of willpower
 D - a scarf of repulsion
 R - a +2 robe of cold resistance
 S - a +2 robe of resistance
 W - a +0 plate armour
Jewellery
 q - an amulet of guardian spirit
 r - a +6 ring of strength (left hand)
 x - an amulet of magic regeneration (around neck)
 Y - an amulet of regeneration
Wands
 n - a wand of flame (102)
 z - a wand of digging (3)
 I - a wand of charming (10)
 J - a wand of polymorph (7)
 K - a wand of iceblast (31)
 Q - a wand of acid (9)
Scrolls
 h - 2 scrolls of enchant weapon {unknown}
 k - 8 scrolls of blinking
 p - 2 scrolls of summoning {unknown}
 t - 2 scrolls of immolation {unknown}
 u - 2 scrolls of fog {unknown}
 w - 2 scrolls of silence {unknown}
 y - 4 scrolls of noise {unknown}
 A - a scroll of vulnerability {unknown}
 B - 2 scrolls of amnesia {unknown}
 E - 4 scrolls of enchant armour {unknown}
 N - a scroll of magic mapping {unknown}
 V - 9 scrolls of teleportation
Potions
 f - a potion of flight
 g - a potion of lignification
 j - a potion of ambrosia
 l - 3 potions of cancellation
 m - 2 potions of brilliance
 o - a potion of might
 s - 3 potions of curing
 F - a potion of magic
 L - 3 potions of attraction
 M - 2 potions of berserk rage {unknown}
 O - a potion of heal wounds
 T - a potion of invisibility
Miscellaneous
 P - a condenser vane


   Skills:
 - Level 12.9 Fighting
 + Level 11.0 Crossbows
 - Level 11.0 Dodging
 - Level 17.4 Unarmed Combat
 - Level 1.3 Spellcasting
 * Level 6.1 Transmutations
 - Level 6.0 Invocations


You had 7 spell levels left.
You knew the following spells:

 Your Spells              Type           Power      Damage    Failure   Level
a - Beastly Appendage     Tmut           64%        N/A       1%          1
d - Blade Hands           Tmut           16%        N/A       28%         5
s - Wereblood             Tmut           32%        N/A       1%          2

Your spell library contained the following spells:

 Spells                   Type           Power      Damage    Failure   Level
 Spider Form              Tmut/Pois      8%         N/A       11%         3
 Animate Skeleton         Necr           2%         N/A       13%         1
 Apportation              Tloc           2%         N/A       13%         1
 Corona                   Hex            1%         N/A       13%         1
 Summon Small Mammal      Summ           4%         N/A       13%         1
 Ignite Poison            Fire/Tmut/Pois 12%        N/A       17%         3
 Ensorcelled Hibernation  Hex/Ice        2%         N/A       19%         2
 Sublimation of Blood     Necr           0%         N/A       19%         2
 Ice Form                 Ice/Tmut       17%        N/A       34%         4
 Petrify                  Tmut/Erth      17%        N/A       34%         4
 Conjure Flame            Conj/Fire      1%         6-21      36%         3
 Gell's Gravitas          Tloc           0%         N/A       36%         3
 Inner Flame              Hex/Fire       1%         N/A       36%         3
 Mephitic Cloud           Conj/Pois/Air  1%         N/A       36%         3
 Teleport Other           Tloc           1%         N/A       36%         3
 Tukima's Dance           Hex            1%         N/A       36%         3
 Alistair's Intoxication  Tmut/Pois      11%        N/A       69%         5
 Irradiate                Conj/Tmut      8%         3d16      69%         5
 Airstrike                Air            0%         N/A       77%         4
 Animate Armour           Summ/Erth      2%         N/A       77%         4
 Animate Dead             Necr           0%         N/A       77%         4
 Cause Fear               Hex            0%         N/A       77%         4
 Leda's Liquefaction      Hex/Erth       0%         N/A       77%         4
 Summon Lightning Spire   Summ/Air       1%         N/A       77%         4
 Bolt of Magma            Conj/Fire/Erth 0%         4d4       98%         5
 Borgnjor's Vile Clutch   Necr/Erth      0%         N/A       98%         5
 Lightning Bolt           Conj/Air       0%         1d11      98%         5
 Metabolic Englaciation   Hex/Ice        0%         N/A       98%         5
 Statue Form              Tmut/Erth      11%        N/A       99%         6
 Death Channel            Necr           0%         N/A       100%        6
 Dispersal                Tloc           0%         N/A       100%        6
 Iron Shot                Conj/Erth      0%         9d1       100%        6
 Discord                  Hex            0%         N/A       100%        8


Dungeon Overview and Level Annotations

Branches:
Dungeon (10/15)            Temple (1/1) D:6            Lair (6/6) D:10
 Shoals (3/4) Lair:3       Spider (0/4) Lair:2        Slime (0/5) Lair:6
    Orc (2/2) D:9             Elf (0/3) Orc:2       Ossuary (visited)

Altars:
Cheibriados
Fedhas
Gozag
Kikubaaqudgha
Ru
Trog
Uskayaw
Vehumet
Xom
Zin
Beogh

Shops:
Orc:2 ![::   Shoals:3 [

Annotations:
D:4 Sigmund
Lair:2 exclusion: downstairs
Lair:3 exclusion: 2 oklob plants, Rupert
Lair:6 exclusion: oklob plant
Shoals:1 1 transporter, fearitself's ghost, adept MiBe
Shoals:3 Bai Suzhen


Innate Abilities, Weirdness & Mutations

You have a pair of horns on your head.
You reflexively headbutt those who attack you in melee.


Message History

The sea snake poisons you! The harpy claws you but does no damage.
The harpy closely misses you. The sea snake misses you.
You feel extremely sick. The harpy claws you! The harpy barely misses you.
The harpy claws you. The harpy barely misses you. The harpy misses you.
The harpy completely misses you. x3; The harpy barely misses you.
You furiously retaliate!
You headbutt the harpy! The harpy claws you but does no damage.
The harpy closely misses you. The harpy misses you.
The sea snake completely misses you. You furiously retaliate!
You headbutt the sea snake! The harpy claws you!
* * * LOW HITPOINT WARNING * * *
The harpy claws you but does no damage.
The sea snake bites you but does no damage.
The harpy barely misses you. The harpy completely misses you.
Unknown command.
Unknown command.
You feel better. The harpy misses you. The harpy barely misses you.
The harpy claws you but does no damage. The harpy completely misses you.
The harpy claws you. x2
* * * LOW HITPOINT WARNING * * *
The harpy completely misses you. You furiously retaliate!
You headbutt the harpy! The harpy completely misses you.
The sea snake bites you.
* * * LOW HITPOINT WARNING * * *
You are poisoned.
The sea snake poisons you!
Unknown command.
You feel better.
The harpy screeches! x2
The harpy claws you!
* * * LOW HITPOINT WARNING * * *
The harpy claws you.
* * * LOW HITPOINT WARNING * * *
The harpy claws you but does no damage. The harpy completely misses you.
The harpy claws you!
* * * LOW HITPOINT WARNING * * *
The harpy claws you.
* * * LOW HITPOINT WARNING * * *
The harpy claws you!
You die...

≈P≈≈≈≈≈≈P≈P≈≈≈≈
≈P≈P≈≈≈≈≈≈≈≈P≈≈≈
≈≈PP≈≈≈P≈≈≈≈≈≈≈P≈
≈≈P≈≈P≈≈≈.P...P
≈≈≈≈≈≈≈≈≈.P...
≈≈.≈≈≈≈≈P≈≈.#
≈≈.≈≈≈≈≈SP.#
≈≈..≈≈≈≈H@H###..
≈...≈≈H≈≈HH....#
.....≈≈≈≈≈..≈≈.#
.###.≈≈≈≈≈≈≈≈≈..≈
#.≈≈≈≈≈≈≈≈≈≈≈≈
$..≈≈≈≈≈≈≈≈≈≈≈≈
#...≈≈≈≈≈≈≈≈≈≈≈≈
#...≈≈≈≈≈≈≈≈≈≈≈≈≈
≈≈≈≈≈≈≈≈≈≈≈≈≈≈≈≈


You could see a sea snake and 5 harpies.

Vanquished Creatures
  Frances (Shoals:2)
  A dire elephant (Lair:6)
  The ghost of Bolunijamo the Blocker, a journeyman GnFi of Okawaru (Lair:5)
  A merfolk javelineer (Shoals:3)
  Josephine (Orc:1)
  A merfolk impaler (Shoals:1)
  3 boulder beetles
  2 hydras (Lair:5)
  2 catoblepae (Lair:6)
  An ogre mage (Orc:2)
  The ghost of Papr the Grappler, a novice TrEE of Ru (D:9)
  11 death yaks
  A deep troll shaman (Lair:6)
  Nergalle (Orc:1)
  A lindwurm (Lair:6)
  3 cyclopes
  A wolf spider (Lair:2)
  9 orc sorcerers (Orc:2)
  9 elephants
  A merfolk siren (Shoals:1)
  2 fauns (Shoals:1)
  4 black mambas
  7 cane toads
  A torpor snail (Lair:5)
  3 rime drakes
  A freezing wraith (D:9)
  6 komodo dragons
  7 merfolk
  2 trolls
  4 polar bears (Lair:6)
  A queen bee (Lair:5)
  3 hornets
  16 blink frogs
  4 dream sheep (Shoals:1)
  A shadow (D:10)
  9 wraiths
  5 wyverns
  41 yaks
  2 water elementals
  A steam dragon (D:10)
  4 basilisks
  12 water moccasins
  Duvessa (D:6)
  12 orc warriors
  A black bear (D:5)
  2 sky beasts
  7 ogres
  8 centaurs
  14 wolves
  2 phantoms (D:4)
  3 kobold brigands
  5 bullfrogs
  A gnoll sergeant (D:9)
  3 wyvern zombies (Ossuary)
  2 scorpions
  Dowan (D:6)
  4 water moccasin zombies (Ossuary)
  12 killer bees
  2 electric eels (D:9)
  A howler monkey (D:10)
  10 centaur zombies
  4 bullfrog zombies
  A jelly (D:4)
  10 orc priests
  2 hounds
  2 centaur skeletons (D:5)
  Ijyb (D:5)
  30 orc wizards
  A hound skeleton (D:5)
  18 mummies
  3 howler monkey zombies (Ossuary)
  2 adders
  7 gnolls
  2 ufetubi
  An adder zombie (D:5)
  3 dart slugs
  37 orcs
  An endoplasm (D:1)
  5 goblins
  A hobgoblin (D:4)
  13 kobolds
  A quokka (D:5)
  A ball python (D:4)
  2 bats
  A plant (Lair:6)
428 creatures vanquished.

Vanquished Creatures (others)
  An orc (Orc:2)
  16 fungi
  51 plants
  A withered plant (Ossuary)
69 creatures vanquished.

Grand Total: 497 creatures vanquished

Notes
Turn   | Place    | Note
-------+----------+-------------------------------------------
     0 | D:1      | nxtlvl the Minotaur Transmuter began the quest for the Orb.
     0 | D:1      | Reached XP level 1. HP: 16/16 MP: 1/1
    86 | D:3      | Reached skill level 4 in Unarmed Combat
    86 | D:3      | Reached XP level 2. HP: 23/23 MP: 3/3
   252 | D:4      | Noticed Sigmund
   297 | D:4      | Reached skill level 5 in Unarmed Combat
   297 | D:4      | Reached XP level 3. HP: 25/28 MP: 1/4
   343 | D:4      | Noticed a phantom
   357 | D:4      | Killed a phantom
   358 | D:4      | Reached skill level 6 in Unarmed Combat
   358 | D:4      | Reached XP level 4. HP: 9/35 MP: 5/5
   378 | D:4      | Found a glowing silver altar of Zin.
   479 | D:4      | Noticed a phantom
   489 | D:4      | Killed a phantom
   490 | D:4      | Reached XP level 5. HP: 13/40 MP: 4/6
   573 | D:4      | Reached skill level 7 in Unarmed Combat
   713 | D:4      | Reached XP level 6. HP: 25/47 MP: 7/7
   801 | D:4      | Reached skill level 8 in Unarmed Combat
   882 | D:5      | Entered Level 5 of the Dungeon
   940 | D:5      | Reached XP level 7. HP: 52/56 MP: 8/8
   975 | D:5      | Noticed Ijyb
  1000 | D:5      | Killed Ijyb
  1174 | D:5      | Reached skill level 9 in Unarmed Combat
  1289 | D:6      | Found a staircase to the Ecumenical Temple.
  1326 | Temple   | Entered the Ecumenical Temple
  1330 | Temple   | Became a worshipper of Cheibriados the Contemplative
  1517 | D:6      | Noticed Duvessa
  1519 | D:6      | Noticed Dowan
  1533 | D:6      | Killed Duvessa
  1534 | D:6      | Reached XP level 8. HP: 46/66 MP: 5/9
  1542 | D:6      | Killed Dowan
  1780 | D:7      | Found a bloodstained altar of Trog.
  1857 | D:7      | Found a sand-covered staircase.
  1865 | Ossuary  | Entered an ossuary
  1889 | Ossuary  | Learned a level 2 spell: Wereblood
  1900 | Ossuary  | Reached skill level 10 in Unarmed Combat
  1937 | Ossuary  | Reached skill level 5 in Fighting
  2005 | Ossuary  | Reached * piety under Cheibriados
  2071 | Ossuary  | Reached skill level 11 in Unarmed Combat
  2071 | Ossuary  | Reached XP level 9. HP: 74/75 MP: 1/10
  2433 | D:8      | Found a hide-covered altar of Uskayaw.
  2485 | D:8      | Noticed a cyclops
  2498 | D:8      | Killed a cyclops
  2703 | D:8      | Reached ** piety under Cheibriados
  2793 | D:8      | Reached skill level 1 in Crossbows
  2835 | D:9      | Reached skill level 12 in Unarmed Combat
  2842 | D:9      | Noticed a komodo dragon
  2850 | D:9      | Killed a komodo dragon
  3025 | D:9      | Found a staircase to the Orcish Mines.
  3079 | Orc:1    | Entered Level 1 of the Orcish Mines
  3100 | D:9      | Reached XP level 10. HP: 62/86 MP: 5/11
  3158 | D:9      | Found a runed translucent gate.
  3159 | D:9      | Found a runed translucent gate.
  3160 | D:9      | Found a runed translucent gate.
  3160 | D:9      | Noticed Papr's ghost (novice TrEE)
  3319 | D:9      | Reached skill level 5 in Dodging
  3331 | D:9      | Reached *** piety under Cheibriados
  3390 | D:10     | Entered Level 10 of the Dungeon
  3456 | D:10     | Reached skill level 13 in Unarmed Combat
  3470 | D:10     | Found a staircase to the Lair.
  3566 | D:10     | Noticed a boulder beetle
  3575 | D:10     | Killed a boulder beetle
  3724 | D:10     | Reached skill level 5 in Crossbows
  3730 | D:10     | Reached XP level 11. HP: 87/97 MP: 10/12
  3731 | D:10     | Reached **** piety under Cheibriados
  3868 | Lair:1   | Entered Level 1 of the Lair of Beasts
  3955 | Lair:2   | Reached skill level 1 in Invocations
  4036 | Lair:2   | Found a hole to the Spider Nest.
  4036 | Lair:2   | Noticed a wolf spider
  4042 | Lair:2   | Killed a wolf spider
  4043 | Lair:2   | Reached skill level 14 in Unarmed Combat
  4296 | Lair:2   | Found a glowing silver altar of Zin.
  4340 | Lair:3   | Found a staircase to the Shoals.
  4459 | Lair:3   | Reached ***** piety under Cheibriados
  4468 | Lair:3   | Noticed an oklob plant
  4468 | Lair:3   | Noticed an oklob plant
  4547 | Lair:3   | Reached skill level 10 in Fighting
  4567 | Lair:4   | Noticed a boulder beetle
  4578 | Lair:4   | Killed a boulder beetle
  4652 | Lair:6   | Entered Level 6 of the Lair of Beasts
  4660 | Lair:5   | Found a transporter.
  4662 | Lair:5   | Found a transporter.
  4663 | Lair:5   | Noticed Bolunijamo's ghost (journeyman GnFi)
  4704 | Lair:5   | Reached XP level 12. HP: 104/106 MP: 12/14
  4745 | Lair:5   | Noticed a six-headed hydra
  4750 | Lair:5   | Killed a six-headed hydra
  4751 | Lair:5   | Reached skill level 5 in Invocations
  4847 | Lair:5   | Noticed a five-headed hydra
  4853 | Lair:5   | Killed a five-headed hydra
  4884 | Lair:5   | Reached skill level 15 in Unarmed Combat
  4936 | Lair:5   | Noticed a death yak
  4953 | Lair:5   | Killed a death yak
  4958 | Lair:5   | Noticed a death yak
  4958 | Lair:5   | Noticed a death yak
  4958 | Lair:5   | Noticed a death yak
  4959 | Lair:5   | Noticed a death yak
  4960 | Lair:5   | Noticed a death yak
  4965 | Lair:5   | Killed a death yak
  4966 | Lair:5   | Killed a death yak
  4969 | Lair:5   | Killed a death yak
  4972 | Lair:5   | Killed a death yak
  4977 | Lair:5   | Killed a death yak
  5039 | Lair:4   | Got Emnoitz's Grimoire of Poisoning and Ignition
  5142 | Lair:6   | Noticed a catoblepas
  5154 | Lair:6   | Killed a catoblepas
  5209 | Lair:6   | Reached XP level 13. HP: 64/116 MP: 16/16
  5436 | Lair:6   | Reached skill level 16 in Unarmed Combat
  5854 | Lair:6   | Reached ****** piety under Cheibriados
  5877 | Lair:6   | Found a staircase to the Slime Pits.
  6053 | Lair:6   | Reached skill level 10 in Dodging
  6068 | Lair:6   | Noticed a dire elephant
  6073 | Lair:6   | Killed a dire elephant
  6220 | Lair:5   | Paralysed by a hornet for 3 turns
  6252 | Lair:5   | Killed Bolunijamo's ghost
  6480 | Lair:3   | Noticed Rupert
  6558 | Lair:1   | Reached skill level 17 in Unarmed Combat
  6724 | Orc:2    | Entered Level 2 of the Orcish Mines
  7112 | Orc:2    | Reached XP level 14. HP: 127/127 MP: 17/17
  7120 | Orc:2    | Found a staircase to the Elven Halls.
  7183 | Orc:1    | Noticed Josephine
  7188 | Orc:1    | Killed Josephine
  7189 | Orc:1    | Reached skill level 10 in Crossbows
  7191 | Orc:1    | Noticed Nergalle
  7195 | Orc:1    | Killed Nergalle
  7345 | Orc:2    | Found Pikhlud's Distillery.
  7363 | Orc:2    | Bought a potion of attraction for 30 gold pieces
  7399 | Orc:2    | Found an ancient bone altar of Kikubaaqudgha.
  7412 | Orc:2    | Found Kaih's Antique Armour Emporium.
  7445 | Orc:2    | Found a radiant altar of Vehumet.
  7478 | Orc:2    | Found Ypneacao's Book Shoppe.
  7491 | Orc:2    | Bought a book of Iron for 396 gold pieces
  7497 | Orc:2    | Learned a level 5 spell: Blade Hands
  7542 | Orc:2    | Found Ytsat's Book Emporium.
  7554 | Orc:2    | Bought a manual of Stealth for 960 gold pieces
  7691 | D:9      | Killed Papr's ghost
  7846 | Shoals:1 | Entered Level 1 of the Shoals
  7890 | Shoals:2 | Noticed Frances
  7904 | Shoals:2 | Killed Frances
  7905 | Shoals:2 | Reached skill level 5 in Transmutations
  8080 | Shoals:1 | Found a transporter.
  8080 | Shoals:1 | Noticed fearitself's ghost (adept MiBe)
  8080 | Shoals:1 | Noticed a kraken
  8153 | Shoals:3 | Found Rutoih's Armour Boutique.
  8204 | Shoals:3 | Noticed Bai Suzhen
  8211 | Shoals:3 | HP: 6/127 [harpy (4)]
  8211 | Shoals:3 | Slain by a harpy

Illustrated notes

Levels and vault maps discovered:
D:1:      lightli_arrival_quake, layout_basic, serial_bayou_ford_a
D:2:      layout_loops_ring, dreamdust_ecumenical_altar_angels_and_demons,
          uniq_natasha, uniq_jessica, uniq_crazy_yiuf_cottage
D:3:      layout_loops_ring, gammafunk_temple_of_torment
D:4:      layout_gridville, old_standard_altar, nicolae_overflow_hidden_temple,
          uniq_sigmund
D:5:      layout_basic, uniq_ijyb
D:6:      layout_loops_corners, minmay_temple_entry_large_hall,
          amcnicky_mini_rare_corridor_liquid, uniq_duvessa
D:7:      statuecave_lemuel, layout_layer_cave, lemuel_doored_altar,
          nicolae_ossuary_entry_giza
D:8:      layout_basic, eat_drink_and_be_merry_uskayaw
D:9:      layout_cave_pods, orc_0_dummy, serial_column_ruins,
          column_ruins_square_medium, column_ruins_corridor_water,
          column_ruins_open_tiny, column_ruins_corridor_straight,
          column_ruins_grid_2, gammafunk_ghost_spectres,
          hangedman_decor_growths, nrook_pool_corridor
D:10:     minmay_recursive_quarters, layout_loops_ring, minmay_lair_entry_grove
Temple:   compressed_dpeg_circular_temple
Lair:1:   layout_cave_pods, lemuel_fruit_tree, grunt_megastairs_4,
          infiniplex_staircase_pool
Lair:2:   layout_roguey, spider_nest_entry_rubble, basic_altar,
          grunt_megastairs_1
Lair:3:   layout_roguey, minmay_shoals_entry_centaurs,
          grunt_forest_small_clearings, minmay_lair_oklob_chamber, uniq_rupert
Lair:4:   layout_layer_cave
Lair:5:   layout_long_grid, gammafunk_ghost_hive, grunt_megastairs_3
Lair:6:   grunt_lair_end_beastmaster, layout_concentric_octagons,
          minmay_slime_entry_oklob_enclosed, grunt_megastairs_2
Shoals:1: layout_shoals, ebering_ghost_davey_jones
Shoals:2: layout_shoals, uniq_polyphemus, uniq_frances, uniq_ilsuiw
Shoals:3: layout_shoals, serial_shops, nicolae_shop_trees, uniq_bai_suzhen
Orc:1:    layout_caves, uniq_josephine, uniq_nergalle
Orc:2:    kennysheep_orc_mage_school, layout_caves

Skill      XL: |  1  2  3  4  5  6  7  8  9 10 11 12 13 14 |
---------------+-------------------------------------------+-----
Unarmed Combat | 4 5 6 7 8 9 11 12 13 14 15 17 | 17.4
Fighting       | 2 4 5 7 9 10 11 12 | 12.9
Transmutations | 2 3 4 6 |  6.1
Dodging        | 4 6 7 9 10 11 | 11.0
Crossbows      | 2 5 6 8 9 11 | 11.0
Invocations    | 4 5 6 |  6.0
Spellcasting   | |  1.3

Action                   |  1- 3 |  4- 6 |  7- 9 | 10-12 | 13-15 || total
-------------------------+-------+-------+-------+-------+-------++-------
Melee: Unarmed           |    33 |    35 |   261 |   247 |   229 ||   805
       Headbutt          |     7 |    10 |    59 |    99 |    81 ||   256
       Kick              |     2 |     2 |    36 |    56 |    19 ||   115
       Punch             |       |     1 |    13 |    24 |    36 ||    74
 Fire: Arbalest          |       |       |     5 |    52 |   195 ||   252
Throw: Dart              |       |    19 |    26 |       |     1 ||    46
 Cast: Beastly Appendage |     5 |     3 |    17 |    19 |     4 ||    48
       Wereblood         |       |       |    17 |    21 |    26 ||    64
Invok: Temporal Distorti |       |       |       |     1 |       ||     1
       Slouch            |       |       |       |     1 |     1 ||     2
Evoke: Wand              |       |       |     3 |       |       ||     3
  Use: Scroll            |     1 |       |     6 |     2 |     1 ||    10
       Potion            |       |       |     3 |     5 |     4 ||    12
 Stab: Distracted        |       |       |     2 |       |       ||     2
       Invisible         |       |       |     2 |     3 |       ||     5
Armor: Robe              |     4 |       |    33 |    39 |     5 ||    81
       Ring mail         |       |    11 |     6 |       |       ||    17
       Scale mail        |       |       |    29 |       |       ||    29
       Troll leather arm |       |       |       |       |    30 ||    30
Dodge: Dodged            |    13 |    16 |   126 |   210 |   213 ||   578
